 Dungeon Crawl Stone Soup version 0.31-a0-978-g1e143483b6 (webtiles) character file.

Game seed: 3411233766825550301

82 tsujin the Ruffian (level 4, -5/34 HPs)
             Began as a Gnoll Shapeshifter on Oct 30, 2023.
             Killed by divine providence
             ... invoked by an orc priest
              (13 damage)
             ... on level 3 of the Dungeon.
             The game lasted 00:03:16 (1741 turns).

tsujin the Ruffian (Gnoll Shapeshifter)             Turns: 1741, Time: 00:03:17

Health: -5/34      AC:  5    Str: 16    XL:     4   Next: 43%
Magic:  5/5        EV: 12    Int:  9    God:
Gold:   72         SH:  0    Dex: 11    Spells: 5/5 levels left

rFire   . .          .
                       - Unarmed
rCold   . . .        (no shield)
rNeg    . . .        e - +0 ring mail
rPois   .            (helmet currently unavailable)
rElec   .            (cloak currently unavailable)
rCorr   .            (gloves currently unavailable)
SInv    .            (boots currently unavailable)
Will    .....        (no amulet)
Stlth   +            (no ring)
HPRegen 0.25/turn    (no ring)
MPRegen 0.09/turn

%: no passive effects
@: beast-form
A: beast (slay +3), fangs 1, strong nose, distributed training
a: Begin Untransformation


You were on level 3 of the Dungeon.
You were a hulking beast.
You visited 1 branch of the dungeon, and saw 3 of its levels.

You collected 72 gold pieces.

Inventory:

Armour
 e - a +0 ring mail (worn)
 k - a +0 pair of boots
Magical Staves
 b - a staff of earth
Talismans
 c - a beast talisman
 d - a flux talisman
Wands
 g - a wand of polymorph (8)
Scrolls
 a - 2 scrolls of vulnerability
 l - a scroll of fear {unknown}
Potions
 f - a potion of attraction {unknown}


   Skills:
 + Level 2.7 Fighting
 + Level 1.1 Short Blades
 + Level 1.1 Long Blades
 + Level 1.1 Axes
 + Level 1.1 Maces & Flails
 + Level 1.1 Polearms
 + Level 1.1 Staves
 + Level 1.1 Ranged Weapons
 + Level 1.1 Throwing
 + Level 1.1 Armour
 + Level 4.6 Dodging
 + Level 1.1 Stealth
 + Level 1.1 Shields
 + Level 6.6 Unarmed Combat
 + Level 1.1 Spellcasting
 + Level 0.9 Conjurations
 + Level 0.9 Hexes
 + Level 0.9 Summonings
 + Level 0.9 Necromancy
 + Level 0.9 Translocations
 + Level 0.9 Transmutations
 + Level 0.9 Fire Magic
 + Level 0.9 Ice Magic
 + Level 0.9 Air Magic
 + Level 0.9 Earth Magic
 + Level 0.9 Poison Magic
 + Level 1.2 Invocations
 + Level 1.1 Evocations
 + Level 6.5 Shapeshifting


You had 5 spell levels left.
You didn't know any spells.
Your spell library was empty.

Dungeon Overview and Level Annotations

Branches:
Dungeon (3/15)

Altars:


Innate Abilities, Weirdness & Mutations

You are a hulking beast.
Your limbs bulge with bestial killing power. (Slay +3)
You have very sharp teeth.
Your uncanny sense of smell can sniff out nearby items.
Your experience applies equally to all skills.


Message History

You are too injured to fight recklessly!
The orc hits you with a +0 club.
You take 1 damage, and have 20/34 hp.
You hit the orc.
The orc is severely wounded.
The orc misses you.
You barely miss the orc.
The orc is severely wounded.
The orc barely misses you.
You hit the orc but do no damage.
The orc is severely wounded.
The orc completely misses you.
Okay, then.
You hit the orc.
You kill the orc!
You punch the endoplasm!
You kill the endoplasm!
The orc wizard hits you with a +0 dagger.
An orc priest comes into view. It is wielding a +0 flail.
The orc priest invokes the aid of Beogh against you.
Beogh smites you!
You hear a shout!
Things that are here:
a +0 club; a +0 leather armour You take 9 damage, and have 12/34 hp.
MASSIVE DAMAGE!!
You hit the orc priest. You punch the orc priest.
You bite the orc priest, but do no damage.
The orc priest is heavily wounded.
The orc wizard hits you with a +0 dagger.
* * * LOW HITPOINT WARNING * * *
You take 4 damage, and have 8/34 hp.
You hit the orc priest. You bite the orc priest.
The orc priest is almost dead.
The orc priest hits you but does no damage.
The orc wizard hits you but does no damage.
You barely miss the orc priest.
The orc priest is almost dead.
The orc priest invokes the aid of Beogh against you.
Beogh smites you!
You die...

#..##.....##.
#...'.....##.##
##.##.....##...#
................
###.##########.o########
...........[...o.o.....#<
......###................
.......##.#######o####.#.
....#...#.......ho.......
#####.........####.###.#.
######.##.†......
...##.#........
##..##.######.#.# #..##..
.. .. #..##.# .#. #
#..##.. .# #..####


You could see 2 orc priests and an orc wizard.

Vanquished Creatures
  3 gnolls (D:2)
  An adder (D:2)
  An orc (D:3)
  9 endoplasms
  3 giant cockroaches
  2 goblins (D:2)
  A hobgoblin (D:2)
  5 kobolds
  3 quokkas (D:2)
  4 ball pythons
  6 bats
  A frilled lizard (D:1)
  A rat (D:1)
40 creatures vanquished.

Notes
Turn   | Place    | Note
-------+----------+-------------------------------------------
     0 | D:1      | tsujin the Gnoll Shapeshifter began the quest for the Orb.
     0 | D:1      | Reached XP level 1. HP: 17/17 MP: 1/1
   621 | D:1      | Reached XP level 2. HP: 23/23 MP: 2/2
  1065 | D:2      | Reached XP level 3. HP: 10/28 MP: 3/3
  1186 | D:2      | Reached skill level 1 in Invocations
  1195 | D:2      | Reached skill level 1 in Short Blades
  1195 | D:2      | Reached skill level 1 in Long Blades
  1195 | D:2      | Reached skill level 1 in Axes
  1195 | D:2      | Reached skill level 1 in Maces & Flails
  1195 | D:2      | Reached skill level 1 in Polearms
  1195 | D:2      | Reached skill level 1 in Staves
  1195 | D:2      | Reached skill level 1 in Ranged Weapons
  1195 | D:2      | Reached skill level 1 in Throwing
  1195 | D:2      | Reached skill level 1 in Armour
  1195 | D:2      | Reached skill level 1 in Stealth
  1195 | D:2      | Reached skill level 1 in Shields
  1195 | D:2      | Reached skill level 1 in Spellcasting
  1195 | D:2      | Reached skill level 1 in Evocations
  1430 | D:2      | Reached XP level 4. HP: 34/34 MP: 5/5
  1741 | D:3      | Killed from afar by an orc priest

Illustrated notes

Levels and vault maps discovered:
D:1:      wander_arrival_peaceful_grave, layout_basic
D:2:      layout_basic, minmay_unequal
D:3:      layout_basic, grunt_temple_overflow_open, minmay_tree_intersection

Skill      XL: |  1  2  3 |
---------------+----------+-----
Invocations    | 1 |  1.2
Short Blades   | 1 |  1.1
Long Blades    | 1 |  1.1
Axes           | 1 |  1.1
Maces & Flails | 1 |  1.1
Polearms       | 1 |  1.1
Staves         | 1 |  1.1
Ranged Weapons | 1 |  1.1
Throwing       | 1 |  1.1
Armour         | 1 |  1.1
Stealth        | 1 |  1.1
Shields        | 1 |  1.1
Spellcasting   | 1 |  1.1
Evocations     | 1 |  1.1
Fighting       | |  2.7
Dodging        | |  4.6
Unarmed Combat | |  6.6
Conjurations   | |  0.9
Hexes          | |  0.9
Summonings     | |  0.9
Necromancy     | |  0.9
Translocations | |  0.9
Transmutations | |  0.9
Fire Magic     | |  0.9
Ice Magic      | |  0.9
Air Magic      | |  0.9
Earth Magic    | |  0.9
Poison Magic   | |  0.9
Shapeshifting  | |  6.5

Action                     |  1- 3 |  4- 6 || total
---------------------------+-------+-------++-------
  Melee: Unarmed           |    52 |    22 ||    74
         Bite              |     5 |     4 ||     9
         Punch             |     4 |     1 ||     5
    Use: Scroll            |     4 |       ||     4
         Potion            |     1 |       ||     1
 Armour: Animal skin       |     1 |       ||     1
         Ring mail         |    24 |    12 ||    36
         Skin              |     2 |       ||     2
  Dodge: Dodged            |    29 |    11 ||    40

Table legend: (Time is in decaauts)
 A = Elapsed time spent in this place.
 B = Non-inter-level travel time spent in this place.
 C = Inter-level travel time spent in this place.
 D = Time resting spent in this place.
 E = Time spent auto-exploring this place.
 F = Levels seen in this place.
 G = Mean time per level.
                   A        B        C        D        E       F      G
               +--------+--------+--------+--------+--------+-----+--------+
         Total |   1731 |   1673 |     58 |      0 |   1339 |   3 |  577.0 |
       Dungeon |   1731 |   1673 |     58 |      0 |   1339 |   3 |  577.0 |
               +--------+--------+--------+--------+--------+-----+--------+

Top non-repeatable levels by time:
     D:1: 883 daAuts
     D:2: 788 daAuts
     D:3: 59 daAuts
